 Dungeon Crawl Stone Soup version 0.20-a0-1122-gb7cbeb9 (webtiles) character file.

1430 Kurtz the Poker (level 8, -1/58 HPs)
             Began as a Mummy Abyssal Knight on May 11, 2017.
             Was an Elder of Lugonu.
             Slain by a scorpion (2 damage)
             ... on level 7 of the Dungeon.
             The game lasted 00:08:19 (6754 turns).

Kurtz the Poker (Mummy Abyssal Knight)              Turns: 6754, Time: 00:08:20

Health: -1/58      AC: 11    Str: 17    XL:     8   Next: 44%
Magic:  9/9        EV:  7    Int: 11    God:    Lugonu [****..]
Gold:   401        SH:  3    Dex: 12    Spells: 7/7 levels left

rFire    x . .     SeeInvis .   l - +0 glaive (distort) {Lucy's tooth}
rCold    + . .     Gourm    .   (shield currently unavailable)
rNeg     + + +     Faith    .   v - +0 chain mail
rPois    ∞         Spirit   .   (no helmet)
rElec    .         Reflect  +   q - scarf {repulsion}
rCorr    .         Harm     .   y - +2 pair of gloves
MR       +....                  (no boots)
Stlth    ..........             d - +3 amulet of reflection
Regen    0.2/turn               p - ring of flight
MPRegen  0.2/turn               w - ring of wizardry

@: repel missiles
A: no food or potions, fire vulnerability, cold resistance 1, negative energy
resistance 3, torment resistance, unbreathing
a: Depart the Abyss, Bend Space, Banish, Corrupt, Renounce Religion, Evoke
Flight


You were on level 7 of the Dungeon.
You worshipped Lugonu.
Lugonu was greatly pleased with you.
You were not hungry.

You visited 1 branch of the dungeon, and saw 7 of its levels.
You visited the Abyss 1 time.

You collected 401 gold pieces.

Inventory:

Hand Weapons
 a - a +1 mace
 c - a +0 blowgun
 l - a +0 glaive of distortion (weapon) {Lucy's tooth}
Missiles
 g - 5 poisoned needles
 n - 7 tomahawks (quivered)
 u - 4 steel javelins
 x - 2 javelins
Armour
 b - a +0 pair of gloves
 i - a +1 ring mail
 q - a scarf of repulsion (worn)
 v - a +0 chain mail (worn)
 y - a +2 pair of gloves (worn)
Jewellery
 d - a +3 amulet of reflection (around neck)
 p - a ring of flight (left hand)
 w - a ring of wizardry (right hand)
Wands
 t - a wand of flame (8/48)
Scrolls
 e - a scroll of random uselessness
 f - 4 scrolls of immolation
 h - 2 scrolls of teleportation
 j - a scroll of amnesia
 k - 4 scrolls of remove curse
 m - 2 scrolls of blinking
 o - 3 scrolls of magic mapping {unknown}
 r - 2 scrolls of identify
 s - 2 scrolls of enchant weapon {unknown}
 z - a scroll of fog {unknown}


   Skills:
 - Level 3.0 Fighting
 - Level 3.8 Maces & Flails
 * Level 7.9 Polearms
 - Level 1.5 Armour
 - Level 0.7 Dodging
 - Level 1.5 Invocations


You had 7 spell levels left.
You didn't know any spells.

Dungeon Overview and Level Annotations

Branches:
Dungeon (7/15)
 Temple: D:4-7

Altars:
Makhleb
Xom
The Shining One


Innate Abilities, Weirdness & Mutations

You do not eat or drink.
Your flesh is vulnerable to fire.
You are immune to poison.
Your flesh is cold resistant. (rC+)
You are immune to negative energy. (rN+++)
You are immune to unholy pain and torment.
You can survive without breathing.


Message History

You block the scorpion's attack.
The ice beast hits you but does no damage.
You hit the ice beast.
The ice beast is almost dead.
The ice beast blinks!
The scorpion stings you but does no damage.
The ogre hits you with a giant club!
You are too injured to fight recklessly!
You are too injured to fight recklessly!
You are too injured to fight recklessly!
Unknown command.
You barely miss the scorpion. The scorpion stings you.
* * * LOW HITPOINT WARNING * * *
The ogre closely misses you. You block the scorpion's attack.
The orc barely misses you.
Unknown command.
The ogre hits you with a giant club!
* * * LOW HITPOINT WARNING * * *
The scorpion stings you.
You die...

.................
#.......#.....#.###
#.#.#.###.#####...#
#.#.#.....# #...#.#
# # #.#####.#
.#.#.#.# #. .. #.#
..#.#.#...
#.#####......#
#............#
###....s@o..[#
#.####.O...# #.#
#Y....# #.# #.....#
#.# ......# #.#
......# ..#
.......# ..#
....#+## #....#


You could see an ice beast, an ogre, a scorpion and an orc.

Vanquished Creatures
  Grinder (D:3)
  Sigmund (D:5)
  2 centaurs (D:5)
  Blork the orc (D:4)
  3 wights (D:7)
  2 howler monkeys
  2 crimson imps
  3 hounds
  An orc wizard (D:5)
  Ijyb (D:4)
  An iguana (D:5)
  3 worker ants
  4 gnolls
  9 adders
  An ooze (D:5)
  An adder skeleton (D:5)
  3 worms
  A dart slug (D:2)
  3 leopard geckos
  13 orcs
  8 bats
  3 giant cockroaches
  9 goblins
  13 hobgoblins
  10 jackals
  4 kobolds
  2 quokkas (D:2)
  4 ball pythons
  8 frilled lizards
  A quokka skeleton (D:4)
  11 rats
129 creatures vanquished.

Vanquished Creatures (others)
  A water moccasin skeleton (D:4)
  A crimson imp (D:5)
  An orc wizard (D:5)
  A gnoll (D:4)
  An orc (D:4)
5 creatures vanquished.

Grand Total: 134 creatures vanquished

Notes
Turn   | Place    | Note
-------+----------+-------------------------------------------
     0 | Abyss:1  | Kurtz the Mummy Abyssal Knight began the quest for the Orb.
     0 | Abyss:1  | Reached XP level 1. HP: 18/18 MP: 2/2
    16 | Abyss:1  | Noticed an ice statue
    60 | D:1      | Escaped the Abyss
   262 | D:1      | Reached XP level 2. HP: 13/24 MP: 3/3
  1174 | D:1      | Reached XP level 3. HP: 22/29 MP: 4/4
  1458 | D:2      | Reached ** piety under Lugonu
  1752 | D:2      | Reached XP level 4. HP: 20/35 MP: 5/5
  2171 | D:2      | Reached skill level 1 in Polearms
  2915 | D:3      | Reached *** piety under Lugonu
  2915 | D:3      | Reached XP level 5. HP: 41/41 MP: 6/6
  2991 | D:3      | Reached skill level 2 in Polearms
  3650 | D:4      | Found a glowing golden altar of the Shining One.
  3676 | D:4      | Noticed Grinder
  3939 | D:4      | Paralysed by Grinder for 5 turns
  3947 | D:4      | Paralysed by Grinder for 5 turns
  3972 | D:3      | Paralysed by Grinder for 2 turns
  3978 | D:3      | Killed Grinder
  3978 | D:3      | Reached skill level 4 in Polearms
  3978 | D:3      | Reached XP level 6. HP: 8/47 MP: 7/7
  4758 | D:4      | Noticed Ijyb
  4782 | D:4      | Noticed Blork the orc
  4795 | D:4      | Killed Blork the orc
  4795 | D:4      | Reached skill level 5 in Polearms
  4795 | D:4      | Reached XP level 7. HP: 33/52 MP: 8/8
  4803 | D:4      | Found a burning altar of Makhleb.
  4805 | D:4      | Found a shimmering altar of Xom.
  5019 | D:4      | Killed Ijyb
  5290 | D:5      | Entered Level 5 of the Dungeon
  5419 | D:5      | Noticed Sigmund
  5430 | D:5      | Killed Sigmund
  5430 | D:5      | Reached skill level 6 in Polearms
  5614 | D:5      | Reached XP level 8. HP: 48/58 MP: 9/9
  5792 | D:5      | Reached skill level 7 in Polearms
  5861 | D:5      | Reached **** piety under Lugonu
  6514 | D:6      | You fall through a shaft!
  6754 | D:7      | HP: 1/58 [ogre/giant club (12)]
  6754 | D:7      | Slain by a scorpion

Vault maps used:
D:1:      minmay_arrival_plants_in_alcoves, item_on_display_a
D:2:      minmay_pentomino_t2
D:4:      tso_metal_star, grunt_temple_overflow_champion_of_chaos,
          minmay_hedge_maze, uniq_blork_the_orc, uniq_grinder, uniq_ijyb
D:5:      nicolae_overflow_hidden_temple, first_bread, uniq_sigmund
D:6:      gammafunk_temple_overflow_claw, minmay_temple_entry_nine_rooms
D:7:      serial_shops, shop_scrolls

Skill      XL: |  1  2  3  4  5  6  7  8 |
---------------+-------------------------+-----
Maces & Flails | 2 3 |  3.8
Polearms       | 1 4 5 6 7 |  7.9
Fighting       | |  3.0
Armour         | |  1.5
Dodging        | |  0.7
Invocations    | |  1.5

Action                   |  1- 3 |  4- 6 |  7- 9 || total
-------------------------+-------+-------+-------++-------
Melee: Mace              |   138 |    24 |       ||   162
       Glaive            |       |   182 |   151 ||   333
Throw: Tomahawk          |       |     4 |       ||     4
  Use: Scroll            |       |     7 |       ||     7
Armor: Leather armour    |    55 |       |       ||    55
       Ring mail         |     9 |   104 |     7 ||   120
       Chain mail        |       |       |    82 ||    82
Dodge: Dodged            |   118 |   141 |    49 ||   308
       Deflected         |       |       |     9 ||     9
Block: Other             |     7 |    25 |    20 ||    52
       Reflection        |       |       |     1 ||     1
